 Dungeon Crawl Stone Soup version 0.29.1-13-g9f3cf754e1 (webtiles) character file.

Game seed: 14629497821088585087

6 Vulpanium the Firebug (level 1, 0/14 HPs)
             Began as a Hill Orc Fire Elementalist on Jan 22, 2023.
             Slain by a ball python (1 damage)
             ... on level 1 of the Dungeon.
             The game lasted 00:01:15 (249 turns).

Vulpanium the Firebug (Hill Orc Fire Elementalist)   Turns: 249, Time: 00:01:16

Health: 0/14       AC:  2    Str: 10    XL:     1   Next: 90%
Magic:  3/3        EV:  9    Int: 15    God:
Gold:   36         SH:  0    Dex: 11    Spells: 2/3 levels left

rFire   . . .      SeeInvis .   d - +0 hand axe
rCold   . . .      Faith    .   (no shield)
rNeg    . . .      Spirit   .   a - +0 robe
rPois   .          Reflect  .   (no helmet)
rElec   .          Harm     .   (no cloak)
rCorr   .          Rampage  .   (no gloves)
Will    .....                   (no boots)
Stlth   ++........              (no amulet)
HPRegen 0.04/turn               (no ring)
MPRegen 0.08/turn               (no ring)

@: constricted
A: no striking features
a: no special abilities


You were on level 1 of the Dungeon.
You visited 1 branch of the dungeon, and saw 1 of its levels.

You collected 36 gold pieces.

Inventory:

Hand Weapons
 d - a +0 hand axe (weapon)
Armour
 a - a +0 robe (worn)
Scrolls
 e - a scroll of immolation {unknown}
 g - a scroll of identify {unknown}
Potions
 b - a potion of magic
 c - a potion of haste {unknown}
 f - a potion of flight {unknown}
 h - a potion of curing {unknown}


   Skills:
 + Level 1.5 Dodging
 + Level 1.5 Stealth
 + Level 1.6 Spellcasting
 + Level 1.1 Conjurations
 + Level 3.6 Fire Magic


You had 2 spell levels left.
You knew the following spells:

 Your Spells              Type           Power      Damage    Failure   Level
a - Foxfire               Conj/Fire      32%        2x1d5     9%          1

Your spell library contained the following spells:

 Spells                   Type           Power      Damage    Failure   Level
 Scorch                   Fire           24%        2d6       8%          2
 Apportation              Tloc           2%         N/A       22%         1
 Necrotise                Necr           4%         1d4       22%         1
 Summon Small Mammal      Summ           4%         N/A       22%         1
 Conjure Flame            Conj/Fire      8%         6-21      26%         3
 Inner Flame              Hex/Fire       6%         N/A       32%         3
 Flame Wave               Conj/Fire      8%         2d5       65%         4


Dungeon Overview and Level Annotations

Branches:
Dungeon (1/15)

Altars:


Message History

The quokka closely misses you.
You slash the quokka!
You kill the quokka!
You see here a quokka corpse.
A goblin comes into view. It is wielding a +0 club.
A goblin is nearby!
The goblin shouts!
A ball python comes into view.
The ball python hisses angrily.
You hit the ball python.
The ball python is moderately wounded.
You completely miss the goblin. The ball python misses you.
The ball python grabs you. The ball python constricts you.
The goblin completely misses you. The ball python barely misses you.
The ball python constricts you.
You barely miss the ball python.
The ball python is moderately wounded.
You barely miss the goblin. The goblin closely misses you.
The ball python bites you but does no damage.
The ball python constricts you.
You barely miss the ball python. You closely miss the goblin.
The ball python barely misses you. The ball python constricts you.
The goblin hits you with a +0 club.
The ball python bites you but does no damage.
The ball python constricts you. The goblin closely misses you.
You barely miss the ball python. You hit the goblin. The ball python bites you.
The ball python constricts you. The goblin hits you with a +0 club.
You closely miss the ball python. You hit the goblin.
You kill the goblin!
The ball python closely misses you. The ball python constricts you.
The ball python misses you. The ball python constricts you.
You barely miss the ball python. The ball python bites you.
The ball python constricts you.
* * * LOW HITPOINT WARNING * * *
You barely miss the ball python. The ball python bites you.
* * * LOW HITPOINT WARNING * * *
The ball python constricts you.
* * * LOW HITPOINT WARNING * * *
The ball python bites you.
You die...

#########..# #..
##...
...........# ###
#....
#########..#
#....
..........#######
#....
#########........
.......#..
#.#######
####.###..
###.### #. ##.
#.....# . ..
#.###@# # ### #.
#S)...... #
#.....### ..#####
###


You could see a ball python.

Vanquished Creatures
  A bat (D:1)
  2 goblins (D:1)
  A quokka (D:1)
  A frilled lizard (D:1)
5 creatures vanquished.

Vanquished Creatures (others)
  6 foxfires (D:1)
6 creatures vanquished.

Grand Total: 11 creatures vanquished

Notes
Turn   | Place    | Note
-------+----------+-------------------------------------------
     0 | D:1      | Vulpanium the Hill Orc Fire Elementalist began the quest
                  | for the Orb.
     0 | D:1      | Reached XP level 1. HP: 14/14 MP: 3/3
   249 | D:1      | Slain by a ball python

Illustrated notes

Levels and vault maps discovered:
D:1:      dpeg_arrival_tiny_h, layout_loops_ring

Action                   || total
-------------------------++-------
Melee: Hand axe          ||     8
 Cast: Foxfire           ||     3
Armor: Robe              ||     2
Dodge: Dodged            ||     9
